AoeStats
← Sparten gio

Yucatan

503521701Analyzed
2v2 RM · 1mo ago on Sep 1, 2026· 43m 31s· 4 players
Game mode
Random Map
Map size
Medium (4 player)
Population
200
Speed
Normal
Resources
Standard
Victory
Conquest
Starting age
Dark Age
Ending age
Imperial Age
RankedLock teamsTeams togetherTeam positionsShared explorationLock speedFull tech treeHidden civsTurbo modeCheats
Victory
Defeat
🇦🇷 Maya · Argentina
897
+14
🇦🇷 Spanish · Argentina
896
+14
🇺🇸 Tatars · United States
860
-14
🇨🇦 Teutons · Canada
833
-13
Sparten gio
5:35 Loom
10:38 Feudal Age
11:09 Double-Bit Axe
17:07 Bloodlines
21:32 Castle Age
21:22 Fletching
23:40 Bow Saw
27:15 Padded Archer Armor
28:16 Bodkin Arrow
32:22 Elite Skirmisher
34:59 Forging
34:56 Scale Barding Armor
Spencer
12:32 Feudal Age
13:11 Horse Collar
13:20 Double-Bit Axe
16:11 Loom
19:42 Castle Age
19:31 Bloodlines
20:39 Heavy Plow
20:53 Bow Saw
23:08 Fletching
24:21 Bodkin Arrow
36:07 Wheelbarrow
41:33 Fervor
41:53 Elite Skirmisher
Cuakiecosa
5:01 Loom
12:06 Feudal Age
16:09 Castle Age
14:27 Stone Mining
16:16 Double-Bit Axe
19:12 Gold Mining
23:14 Murder Holes
27:44 Pikeman
36:08 Imperial Age
37:39 Wheelbarrow
37:45 Halberdier
39:34 Elite Conquistador
jefe gorgojo
0:38 Loom
9:50 Feudal Age
11:43 Double-Bit Axe
17:08 Castle Age
16:04 Stone Mining
17:15 Horse Collar
17:29 Gold Mining
24:14 Wheelbarrow
25:04 Fletching
25:15 Padded Archer Armor
26:28 Town Watch
27:37 Bodkin Arrow
31:44 Imperial Age
30:43 Leather Archer Armor
30:10 Pikeman
30:50 Squires
32:35 Bracer
35:00 Conscription
37:02 Hand Cart
37:20 Ring Archer Armor
37:02 Bow Saw
37:44 Scale Mail Armor
37:54 Forging
40:00 Chain Mail Armor
40:21 Iron Casting
42:54 Plate Mail Armor
42:13 Elite Plumed Archer
43:51 Ballistics
44:32 Chemistry
Connection lost

Rejoining the realm…

Still unreachable

The connection could not be restored.

Session expired

The server has moved on; the page needs a fresh start.